 Dungeon Crawl Stone Soup version 0.20-a0-1126-g0f15420 (webtiles) character file.

49 mopl the Stinger (level 3, -1/28 HPs)
             Began as a Naga Venom Mage on May 17, 2017.
             Slain by a gnoll
             ... wielding a +0 spear
              (2 damage)
             ... on level 2 of the Dungeon.
             The game lasted 00:03:23 (1386 turns).

mopl the Stinger (Naga Venom Mage)                  Turns: 1386, Time: 00:03:23

Health: -1/28      AC:  2    Str: 10    XL:     3   Next: 75%
Magic:  0/6        EV: 12    Int: 16    God:
Gold:   44         SH:  0    Dex: 11    Spells: 0/6 levels left

rFire    . . .     SeeInvis +   e - +0 dagger
rCold    . . .     Gourm    .   (no shield)
rNeg     . . .     Faith    .   a - +0 robe
rPois    +         Spirit   .   (no helmet)
rElec    .         Reflect  .   (no cloak)
rCorr    .         Harm     .   (no gloves)
MR       .....                  (no barding)
Stlth    +++.......             (no amulet)
Regen    0.1/turn               g - +2 ring of evasion {=R}
MPRegen  0.1/turn               n - ring of stealth

@: very slightly contaminated, hasted, quick
A: see invisible, deformed body, poison resistance, slowness 2, slow metabolism
1, spit poison 1, AC +1
a: Spit Poison


You were on level 2 of the Dungeon.
You were not hungry.

You visited 1 branch of the dungeon, and saw 2 of its levels.

You collected 44 gold pieces.

Inventory:

Hand Weapons
 e - a +0 dagger (weapon)
Armour
 a - a +0 robe (worn)
Jewellery
 g - a +2 ring of evasion (left hand) {=R}
 k - an uncursed ring of protection from magic
 n - a ring of stealth (right hand)
 p - an uncursed ring of protection from cold
Scrolls
 d - a scroll of blinking {unknown}
 i - 2 scrolls of teleportation {unknown}
 l - a scroll of random uselessness {unknown}
 o - a scroll of magic mapping {unknown}
 s - a scroll of remove curse {unknown}
Potions
 h - 3 potions of curing
 j - a potion of haste
 q - a potion of mutation {unknown}
Books
 b - a Young Poisoner's Handbook

   Spells                             Type                      Level
   a - Sting                          Conjuration/Poison           1
   b - Poisonous Vapours              Poison/Air                   2
   c - Mephitic Cloud                 Conjuration/Poison/Air       3
   d - Olgreb's Toxic Radiance        Poison                       4
   e - Venom Bolt                     Conjuration/Poison           5
Comestibles
 c - a bread ration
 f - 2 meat rations
 m - a royal jelly
 r - a chunk of flesh


   Skills:
 - Level 1.5 Dodging
 - Level 3.0 Stealth
 + Level 2.2 Spellcasting
 * Level 2.4 Conjurations
 + Level 0.4 Air Magic
 * Level 4.7 Poison Magic


You couldn't memorise any spells.
You knew the following spells:

 Your Spells              Type           Power        Failure   Level  Hunger
a - Sting                 Conj/Pois      ##..         4%          1    #......
b - Poisonous Vapours     Pois/Air       ##....       11%         2    ###....
d - Mephitic Cloud        Conj/Pois/Air  #.......     22%         3    ###....


Dungeon Overview and Level Annotations

Branches:
Dungeon (2/15)

Altars:


Innate Abilities, Weirdness & Mutations

You cannot wear boots.
Your serpentine skin is tough. (AC +1)
You have supernaturally acute eyesight. (SInv)
Armour fits poorly on your strangely shaped body.
Your system is resistant to poisons. (rPois)
You cover ground very slowly.
You have a slow metabolism.
You can spit poison.


Message History

There's nothing to close nearby.
There's nothing to close nearby.
There's nothing to close nearby.
There's nothing to close nearby.
There's nothing to close nearby.
A gnoll opens the door.
Casting: Sting
Confirm with . or Enter, or press ? or * to list all spells.
Aiming: Mephitic Cloud
Press: ? - help, Shift-Dir - straight line, f - gnoll
Aim: a gnoll, wielding a spear (moderately wounded)
You miscast Mephitic Cloud.
You are very lightly contaminated with residual magic.
You hear a whooshing sound.
The gnoll hits you from afar with a spear.
* * * LOW HITPOINT WARNING * * *
Unknown command.
It was a potion of haste.
You feel yourself speed up.
The gnoll hits you from afar with a spear.
You die...

.......###.# #.g%..#
#.#.##.# #. #.##.# #..
..##.# #. ...##g# #.
#.#.##g#################
#
#.#.>)...........)......
..#..).@).......)..#####
..........#########.# #
#.........# #.# #
.#.#..##### #.# # ..#...
#.# # #..... #.# # .....
#.# ... #.# #.#


You could see 2 gnolls.

Vanquished Creatures
  2 gnolls (D:2)
  A worm (D:2)
  2 bats (D:2)
  2 giant cockroaches (D:1)
  3 goblins
  2 hobgoblins
  3 kobolds (D:2)
  A quokka (D:2)
  7 frilled lizards (D:1)
  5 rats
28 creatures vanquished.

Notes
Turn   | Place    | Note
-------+----------+-------------------------------------------
     0 | D:1      | mopl the Naga Venom Mage began the quest for the Orb.
     0 | D:1      | Reached XP level 1. HP: 15/15 MP: 3/3
   398 | D:1      | Reached XP level 2. HP: 21/22 MP: 5/5
   402 | D:1      | Learned a level 2 spell: Poisonous Vapours
  1236 | D:2      | Reached XP level 3. HP: 28/28 MP: 3/6
  1250 | D:2      | Learned a level 3 spell: Mephitic Cloud
  1263 | D:2      | Reached skill level 2 in Conjurations
  1385 | D:2      | HP: 1/28 [gnoll/spear (3)]
  1386 | D:2      | Slain by a gnoll

Vault maps used:
D:1:      sevenhm_arrival_forest_fort_large_2
D:2:      marbit_many_paths, minivault_26

Skill      XL: |  1  2  3 |
---------------+----------+-----
Conjurations   | 2 |  2.4
Dodging        | |  1.5
Stealth        | |  3.0
Spellcasting   | |  2.2
Air Magic      | |  0.4
Poison Magic   | |  4.7

Action                   || total
-------------------------++-------
Melee: Dagger            ||    29
 Cast: Sting             ||     8
       Poisonous Vapours ||    21
  Use: Potion            ||     2
 Stab: Sleeping          ||     2
  Eat: Chunk             ||     2
Armor: Robe              ||     5
Dodge: Dodged            ||    30
